 Dungeon Crawl Stone Soup version 0.30.1-11-g7821555f0a (webtiles) character file.

Game seed: 13463415864973535628

35 KittyFluff the Trooper (level 3, -5/23 HPs)
             Began as a Gargoyle Berserker on Nov 10, 2023.
             Was a Follower of Trog.
             Slain by a worm (7 damage)
             ... on level 2 of the Dungeon.
             The game lasted 00:02:55 (786 turns).

KittyFluff the Trooper (Gargoyle Berserker)          Turns: 786, Time: 00:02:55

Health: -5/23      AC:  5    Str: 22    XL:     3   Next: 33%
Magic:  3/3        EV: 12    Int:  7    God:    Trog [*.....]
Gold:   46         SH:  0    Dex:  9    Spells: 2/2 levels left

rFire   . . .        a - +0 mace
rCold   . . .        (no shield)
rNeg    + . .        b - +0 animal skin
rPois   ∞            (no helmet)
rElec   +            (no cloak)
rCorr   .            (no gloves)
SInv    .            (no boots)
Will    .....        (no amulet)
Stlth   +            (no ring)
HPRegen 0.23/turn    (no ring)
MPRegen 0.08/turn

%: no passive effects
@: no status effects
A: sickness immunity, AC +3, negative energy resistance 1, electricity
resistance, torment resistance 1, petrification resistance
a: Renounce Religion, Berserk


You were on level 2 of the Dungeon.
You worshipped Trog.
Trog was aware of your devotion.
You visited 1 branch of the dungeon, and saw 2 of its levels.

You collected 46 gold pieces.

Inventory:

Hand Weapons
 a - a +0 mace (weapon)
Armour
 b - a +0 animal skin (worn)
Scrolls
 c - a scroll of amnesia {unknown}
 d - a scroll of torment {unknown}
Potions
 e - a potion of degeneration {unknown}
 f - 2 potions of curing {unknown}


   Skills:
 + Level 3.5 Fighting
 * Level 3.4 Maces & Flails
 * Level 2.8 Armour
 + Level 1.8 Dodging
 + Level 1.0 Stealth


You had 2 spell levels left.
You didn't know any spells.
Your spell library was empty.

Dungeon Overview and Level Annotations

Branches:
Dungeon (2/15)

Altars:


Innate Abilities, Weirdness & Mutations

You are immune to sickness and miasma.
Your stone body is resilient. (AC +3)
You are immune to poison.
You resist negative energy. (rN+)
You are resistant to electric shocks. (rElec)
You are resistant to unholy torment.
You are immune to petrification.


Message History

There is a stone staircase leading down here.
You climb downwards.
Found 2 silvery potions and 4 stones.
There is a stone staircase leading up here.
Found 2 silvery potions.
You see here 2 silvery potions.
f - 2 silvery potions The adder hisses angrily.
You closely miss the adder. The adder bites you but does no damage.
You closely miss the adder. The adder bites you.
The adder bites you but does no damage.
You hit the adder.
The adder is heavily wounded.
The adder bites you. The worm misses you. The adder bites you.
You closely miss the adder.
The adder is heavily wounded.
The adder bites you.
You barely miss the adder.
The adder is heavily wounded.
The adder closely misses you. The worm closely misses you.
The adder completely misses you.
You closely miss the adder.
The adder is heavily wounded.
The adder completely misses you. The worm bites you!
You sock the adder!
You kill the adder!
Trog accepts your kill.
Your Stealth skill increases to level 1!
You hit the worm.
The worm is lightly wounded.
The worm bites you!
* * * LOW HITPOINT WARNING * * *
You barely miss the worm.
The worm is lightly wounded.
The worm bites you.
* * * LOW HITPOINT WARNING * * *
You thump the worm!
The worm is heavily wounded.
The worm bites you!
You die...

.. .# #. ####.#
##.#.###....####
.!.......(.....#
.............#
##.#.#.........#.
.......w.........
#†@.......#
##..<.....#
##.......#
..#.#.####
##.#.#.# #.... #
#..... .......
......#


You could see a worm.

Vanquished Creatures
  An adder (D:2)
  2 dart slugs (D:1)
  A bat (D:1)
  2 endoplasms (D:1)
  A giant cockroach (D:1)
  2 hobgoblins (D:1)
  4 kobolds (D:1)
  3 ball pythons (D:1)
  2 frilled lizards (D:1)
  A goblin (D:1)
  2 rats (D:1)
21 creatures vanquished.

Notes
Turn   | Place    | Note
-------+----------+-------------------------------------------
     0 | D:1      | KittyFluff the Gargoyle Berserker began the quest for the
                  | Orb.
     0 | D:1      | Reached XP level 1. HP: 14/14 MP: 1/1
   118 | D:1      | Reached XP level 2. HP: 19/19 MP: 2/2
   523 | D:1      | Reached XP level 3. HP: 23/23 MP: 3/3
   784 | D:2      | Reached skill level 1 in Stealth
   786 | D:2      | Slain by a worm

Illustrated notes

Levels and vault maps discovered:
D:1:      dpeg_arrival_central, layout_basic, kennysheep_pointless_box,
          chequers_serial_rivers_micro_c, hangedman_decor_clover_reticule
D:2:      layout_loops_ring, serial_shops, shop, uniq_crazy_yiuf_cottage,
          uniq_natasha

Skill      XL: |  1  2  3 |
---------------+----------+-----
Stealth        | 1 |  1.0
Fighting       | |  3.5
Maces & Flails | |  3.4
Armour         | |  2.8
Dodging        | |  1.8

Action                     || total
---------------------------++-------
  Melee: Mace              ||    64
 Armour: Animal skin       ||    21
  Dodge: Dodged            ||    43
